 Dungeon Crawl Stone Soup version 0.30-a0-782-ge64f9170bb (webtiles) character file.

Game seed: 11813657786025669530

2907 Barriton the Destroyer (level 9, 0/70 HPs)
             Began as a White Draconian Conjurer on Feb 21, 2023.
             Succumbed to a killer bee's poison
             ... on level 7 of the Dungeon.
             The game lasted 00:14:37 (8326 turns).

Barriton the Destroyer (White Draconian Conjurer)   Turns: 8326, Time: 00:14:38

Health: 0/70       AC: 10    Str:  9    XL:     9   Next: 49%
Magic:  0/19       EV: 14    Int: 22    God:
Gold:   314        SH:  0    Dex: 17    Spells: 18/22 levels left

rFire   . . .      SeeInvis .    m - +4 quarterstaff (chaos)
rCold   + . .      Faith    .    (shield currently unavailable)
rNeg    . . .      Spirit   .    (body armour unavailable)
rPois   .          Reflect  .    (helmet restricted)
rElec   .          Harm     .    n - +2 cloak
rCorr   .          Rampage  .    (no gloves)
Will    .....                    (no boots)
Stlth   +++                      (no amulet)
HPRegen 0.31/turn                a - +4 ring of slaying
MPRegen 0.16/turn                u - +6 ring of dexterity

@: lethally poisoned (0 -> -5)
A: breathe frost, AC +7, unfitting armour, cold resistance 1, cold-blooded
a: Breathe Frost


You were on level 7 of the Dungeon.
You visited 1 branch of the dungeon, and saw 7 of its levels.

You collected 314 gold pieces.

Inventory:

Hand Weapons
 e - a +0 glaive
 m - a +4 quarterstaff of chaos (weapon)
Missiles
 i - a throwing net
Armour
 h - an orb of guile
 n - a +2 cloak (worn)
Jewellery
 a - a +4 ring of slaying (left hand)
 o - an amulet of faith
 u - a +6 ring of dexterity (right hand)
 x - an amulet of the acrobat
Wands
 s - a wand of paralysis (21)
 t - a wand of polymorph (9)
 y - a wand of iceblast (13)
Scrolls
 f - 2 scrolls of blinking
 z - a scroll of teleportation
Potions
 b - 3 potions of haste
 c - a potion of ambrosia
 d - a potion of mutation {unknown}
 g - a potion of heal wounds {unknown}
 j - 2 potions of flight
 k - 3 potions of degeneration
 l - 2 potions of berserk rage
 p - a potion of lignification {unknown}
 q - 2 potions of curing
 r - 2 potions of brilliance
 w - a potion of magic
 A - a potion of attraction {unknown}


   Skills:
 + Level 3.3 Fighting
 + Level 0.3(1.8) Polearms
 + Level 2.9(3.0) Staves
 + Level 5.0 Dodging
 + Level 3.6 Stealth
 + Level 0.4 Unarmed Combat
 + Level 7.3 Spellcasting
 + Level 8.1 Conjurations
 + Level 1.5 Hexes


You had 18 spell levels left.
You knew the following spells:

 Your Spells              Type           Power      Damage    Failure   Level
a - Magic Dart            Conj           100%       1d8       1%          1
b - Searing Ray           Conj           86%        2d7       1%          2
c - Slow                  Hex            60%        N/A       4%          1

Your spell library contained the following spells:

 Spells                   Type           Power      Damage    Failure   Level
 Dazzling Flash           Conj/Hex       58%        N/A       3%          3
 Mephitic Cloud           Conj/Pois/Air  20%        N/A       8%          3
 Fulminant Prism          Conj/Hex       14%        3d8       11%         4
 Call Imp                 Summ           8%         N/A       12%         2
 Sublimation of Blood     Necr           8%         N/A       12%         2
 Wereblood                Tmut           8%         N/A       12%         2
 Confusing Touch          Hex            15%        N/A       12%         3
 Iskenderun's Mystic Bla  Conj/Tloc      26%        2d7       16%         4
 Vampiric Draining        Necr           8%         2d6       24%         3
 Summon Mana Viper        Hex/Summ       11%        N/A       85%         5
 Summon Forest            Summ/Tloc      4%         N/A       92%         5
 Summon Cactus Giant      Summ           4%         N/A       100%        6
 Summon Hydra             Summ           4%         N/A       100%        7


Dungeon Overview and Level Annotations

Branches:
Dungeon (7/15)
 Temple: D:4-7

Altars:
Okawaru
Wu Jian
Xom
Zin

Shops:
D:6 (:=


Innate Abilities, Weirdness & Mutations

You can breathe waves of freezing cold which knock back foes.
Your icy white scales are hard. (AC +7)
You cannot fit into any form of body armour.
Your flesh is cold resistant. (rC+)
You are cold-blooded and may be slowed by cold attacks.


Message History

* * * LOW HITPOINT WARNING * * *
The killer bee closely misses you.
The searing ray misses the killer bee.
The killer bee misses you. x3
The killer bee stings you!
* * * LOW HITPOINT WARNING * * *
The searing ray hits the killer bee!
You kill the killer bee!
The killer bee closely misses you. The killer bee misses you.
Casting: Searing Ray (safe; 1% risk of failure)
Confirm with . or Enter, or press ? or * to list all spells.
Restarting spell: Searing Ray (safe; 1% risk of failure)
Press: ? - help, Shift-Dir - straight line, f - killer bee
Aim: a killer bee (63% to hit)
The searing ray hits the killer bee!
The killer bee is moderately wounded. (Press . to maintain the ray.)
The killer bee barely misses you. The killer bee closely misses you.
The searing ray hits the killer bee!
The killer bee is almost dead.
The killer bee stings you.
* * * LOW HITPOINT WARNING * * *
You are lethally poisoned!
The killer bee poisons you!
The killer bee stings you but does no damage.
The searing ray misses the killer bee.
* * * LOW HITPOINT WARNING * * *
You feel very sick. The killer bee misses you.
The killer bee barely misses you.
Without enough magic to sustain it, your searing ray dissipates.
* * * LOW HITPOINT WARNING * * *
You feel sick. The killer bee misses you.
The killer bee stings you but does no damage.
Casting: Searing Ray (safe; 1% risk of failure)
Confirm with . or Enter, or press ? or * to list all spells.
You don't have enough magic to cast this spell.
Unknown command.
Okay, then.
You sock the killer bee! You burn the killer bee.
You kill the killer bee!
You die...

#...............#
zy
##..............#
.
###..)..........
##..............
#..............
##.............
#..#..........
####.†††)..##
###@#......
#####.... ... ..


There were no monsters in sight!

Vanquished Creatures
  The ghost of gengaozo the Sneak, a novice VSBr of Uskayaw (D:5)
  Grinder (D:4)
  Eustachio (D:6)
  A water moccasin (D:6)
  2 orc warriors
  Duvessa (D:4)
  An ice beast (D:6)
  4 black bears
  A phantom (D:5)
  Blork the orc (D:6)
  2 necrophages (D:6)
  3 scorpions
  A wight (D:7)
  Dowan (D:4)
  4 killer bees (D:7)
  8 hounds
  Crazy Yiuf (D:2)
  4 orc priests
  5 iguanas
  3 orc wizards
  14 adders
  3 ufetubi
  4 dart slugs
  31 orcs
  6 ball pythons
  6 endoplasms
  A giant cockroach (D:2)
  4 goblins
  8 hobgoblins
  6 jackals
  2 quokkas
  6 bats
  5 frilled lizards
  3 kobolds
  6 rats
151 creatures vanquished.

Notes
Turn   | Place    | Note
-------+----------+-------------------------------------------
     0 | D:1      | Barriton the Draconian Conjurer began the quest for the
                  | Orb.
     0 | D:1      | Reached XP level 1. HP: 14/14 MP: 3/3
   473 | D:1      | Reached XP level 2. HP: 20/20 MP: 3/5
   476 | D:1      | Learned a level 2 spell: Searing Ray
   607 | D:1      | You fall into a shaft and drop 1 floor!
  1640 | D:2      | Reached XP level 3. HP: 26/26 MP: 3/6
  1929 | D:2      | Found a runed translucent door.
  1930 | D:2      | Noticed Crazy Yiuf
  2121 | D:2      | Reached XP level 4. HP: 13/34 MP: 3/7
  2233 | D:2      | Reached skill level 1 in Fighting
  2576 | D:2      | Killed Crazy Yiuf
  2577 | D:2      | Reached XP level 5. HP: 40/40 MP: 3/9
  2720 | D:3      | Reached skill level 5 in Conjurations
  3258 | D:3      | Found an iron altar of Okawaru.
  4005 | D:4      | Learned a level 1 spell: Slow
  4021 | D:4      | Noticed Grinder
  4071 | D:4      | Reached XP level 6. HP: 46/47 MP: 0/11
  4162 | D:4      | Paralysed by Grinder for 5 turns
  4168 | D:4      | Paralysed by Grinder for 4 turns
  4176 | D:4      | Killed Grinder
  4355 | D:4      | Noticed Dowan
  4356 | D:4      | Noticed Duvessa
  4376 | D:4      | Killed Duvessa
  4377 | D:4      | Your scales start taking on an icy white colour.
  4377 | D:4      | Reached XP level 7. HP: 30/50 MP: 1/13
  4377 | D:4      | Gained mutation: Your flesh is cold resistant. (rC+) [White
                  | Draconian growth]
  4386 | D:4      | HP: 1/50 [Dowan/+3 dagger of speed (5)]
  4387 | D:4      | Killed Dowan
  4388 | D:4      | Reached skill level 6 in Conjurations
  5106 | D:5      | Entered Level 5 of the Dungeon
  5181 | D:5      | Reached skill level 1 in Staves
  5364 | D:5      | Reached skill level 5 in Spellcasting
  5517 | D:5      | Reached skill level 1 in Hexes
  5540 | D:5      | Reached XP level 8. HP: 61/61 MP: 2/15
  5670 | D:5      | Found a glowing silver altar of Zin.
  5713 | D:5      | Found a runed translucent door.
  5714 | D:5      | Noticed gengaozo's ghost (novice VSBr)
  6081 | D:5      | Found a shimmering altar of Xom.
  6226 | D:5      | Killed gengaozo's ghost
  6348 | D:6      | Noticed Eustachio
  6360 | D:6      | Reached skill level 7 in Conjurations
  6363 | D:6      | Killed Eustachio
  6579 | D:6      | Found an ornate altar of the Wu Jian Council.
  6713 | D:6      | Found Exu Vin's Jewellery Shop.
  6870 | D:6      | Found Cuirac Luabb's Book Boutique.
  6934 | D:6      | Reached XP level 9. HP: 69/69 MP: 11/18
  6987 | D:6      | Noticed Blork the orc
  6994 | D:6      | Killed Blork the orc
  7064 | D:6      | Found Disuf's Antique Weapon Emporium.
  8314 | D:7      | Reached skill level 8 in Conjurations
  8316 | D:7      | Reached skill level 5 in Dodging
  8324 | D:7      | HP: 3/70 [poisoned by a killer bee]
  8326 | D:7      | Succumbed to a killer bee's poison

Illustrated notes

Levels and vault maps discovered:
D:1:      lightli_iron_boxes, layout_loops_corners, solitary_fountain,
          nrook_uturn
D:2:      layout_loops_cross, uniq_crazy_yiuf_cottage
D:3:      layout_basic, mainiacjoe_overflow_alcove_1, kennysheep_generic_room_15
D:4:      layout_basic, serial_bayou_pond_e,
          hangedman_abyss_or_decor_jellyfish_corner, kennysheep_big_empty_room,
          uniq_duvessa, uniq_grinder
D:5:      layout_rooms, mainiacjoe_overflow_concentric_impassable,
          lemuel_doored_altar, gammafunk_ghost_grave
D:6:      layout_loops_corners, kennysheep_mini, serial_shops,
          nicolae_take_the_stairs, shop, nicolae_shop_window_shopping,
          minmay_liquid_box, uniq_eustachio, uniq_blork_the_orc
D:7:      layout_cave_pools, mainiacjoe_overflow_six_doors_small,
          minmay_temple_entry_ruins

Skill      XL: |  1  2  3  4  5  6  7  8  9 |
---------------+----------------------------+-----
Dodging        | 2 3 4 5 |  5.0
Stealth        | 2 3 |  3.6
Fighting       | 1 3 |  3.3
Conjurations   | 5 6 7 8 |  8.1
Spellcasting   | 3 4 5 6 7 |  7.3
Staves         | 1 2 |  2.9
Hexes          | 1 |  1.5
Polearms       | |  0.3
Unarmed Combat | |  0.4

Action                     |  1- 3 |  4- 6 |  7- 9 || total
---------------------------+-------+-------+-------++-------
  Melee: Unarmed           |    90 |       |       ||    90
         Tailslap          |     9 |     3 |       ||    12
         Glaive            |     8 |       |       ||     8
         Quarterstaff      |       |    16 |    12 ||    28
   Cast: Magic Dart        |    62 |    79 |   101 ||   242
         Searing Ray       |     4 |    12 |    51 ||    67
         Slow              |       |     2 |     1 ||     3
    Use: Scroll            |     5 |     3 |     9 ||    17
         Potion            |     1 |     1 |     1 ||     3
 Armour: Skin              |    38 |    13 |    58 ||   109
  Dodge: Dodged            |    77 |    20 |   121 ||   218

Table legend: (Time is in decaauts)
 A = Elapsed time spent in this place.
 B = Non-inter-level travel time spent in this place.
 C = Inter-level travel time spent in this place.
 D = Time resting spent in this place.
 E = Time spent auto-exploring this place.
 F = Levels seen in this place.
 G = Mean time per level.
                   A        B        C        D        E       F      G
               +--------+--------+--------+--------+--------+-----+--------+
         Total |   8337 |   7828 |    509 |     45 |   6755 |   7 | 1191.0 |
       Dungeon |   8337 |   7828 |    509 |     45 |   6755 |   7 | 1191.0 |
               +--------+--------+--------+--------+--------+-----+--------+

Top non-repeatable levels by time:
     D:6: 1937 daAuts
     D:1: 1521 daAuts
     D:4: 1444 daAuts
     D:5: 1237 daAuts
     D:2: 1154 daAuts
     D:3: 997 daAuts
     D:7: 45 daAuts
